 Dungeon Crawl Stone Soup version 0.24.1-1-gd1d2a07e1b (webtiles) character file.

Game seed: 12237672589506170731, levelgen mode: deterministic

9939 nightchill the Spear-Bearer (level 11, -9/81 (82) HPs)
             Began as a Formicid Fighter on Apr 7, 2020.
             Was a Believer of Hepliaklqana.
             Mangled by a white ugly thing (20 damage)
             ... on level 10 of the Dungeon.
             The game lasted 00:35:32 (12611 turns).

nightchill the Spear-Bearer (Formicid Fighter)     Turns: 12611, Time: 00:35:32

HP:   -9/81 (82)    AC: 14    Str: 23    XL:     11   Next: 83%
MP:   17/17         EV:  6    Int: 13    God:    Hepliaklqana [**....]
Gold: 607           SH:  9    Dex: 10    Spells: 10/10 levels left

rFire    + . .     SeeInvis +   a - +1 trident
rCold    . . .     Gourm    .   c - +0 shield
rNeg     . . .     Faith    .   s - +2 chain mail {rF+}
rPois    .         Spirit   .   (helmet unavailable)
rElec    .         Reflect  .   C - +0 cloak
rCorr    .         Harm     .   (no gloves)
MR       +....                  y - +1 pair of boots
Stlth    ..........             (no amulet)
HPRegen  0.23/turn              t - ring of flight
MPRegen  0.15/turn              F - +4 ring of intelligence

@: starving
A: permanent stasis, dig shafts and tunnels, four strong arms, reduced essence,
antennae 3
a: Dig, Shaft Self, Recall Ancestor, Ancestor Identity, Renounce Religion, Evoke
Flight


You were on level 10 of the Dungeon.
You worshipped Hepliaklqana.
Hepliaklqana was pleased with you.
You were starving.

You visited 2 branches of the dungeon, and saw 12 of its levels.

You collected 607 gold pieces.

Inventory:

Hand Weapons
 a - a +1 trident (weapon)
 r - a -2 glaive of holy wrath
 w - a +0 halberd
Missiles
 g - 474 stones (quivered)
 k - 4 curare-tipped darts
 l - 48 sling bullets
 u - 12 poisoned darts
Armour
 c - a +0 shield (worn)
 s - a +2 chain mail of fire resistance (worn)
 y - a +1 pair of boots (worn)
 C - a +0 cloak (worn)
Jewellery
 d - an uncursed ring of ice
 t - a ring of flight (left hand)
 B - an uncursed ring of stealth
 F - a +4 ring of intelligence (right hand)
Wands
 b - a wand of enslavement (1)
 n - a wand of random effects (24)
 p - a wand of polymorph (11)
 v - a wand of disintegration (20)
 A - a wand of paralysis (6)
 I - a wand of acid (9)
Scrolls
 h - 2 scrolls of enchant weapon
 i - a scroll of enchant armour
 j - 7 scrolls of identify
 m - a scroll of amnesia
 q - 2 scrolls of remove curse
 J - a scroll of fear
 K - a scroll of brand weapon
Potions
 e - 2 potions of brilliance
 o - 2 potions of curing
 x - 3 potions of cancellation
 z - 3 potions of magic
 D - 2 potions of resistance
 E - a potion of flight
 G - 2 potions of mutation
 H - 3 potions of heal wounds
 L - a potion of lignification {unknown}
Comestibles
 f - 17 rations


   Skills:
 + Level 10.8 Fighting
 * Level 13.1 Polearms
 - Level 3.2 Armour
 - Level 3.6 Shields
 + Level 8.4 Invocations


You had 10 spell levels left.
You didn't know any spells.
Your spell library contained the following spells:

 Spells                   Type           Power        Failure   Level  Hunger
 Freeze                   Ice            #...         100%        1    ##.....
 Magic Dart               Conj           #...         100%        1    ##.....
 Call Imp                 Summ           #.......     100%        2    ###....
 Slow                     Hex            #.......     100%        2    ###....
 Throw Frost              Conj/Ice       #.....       100%        2    ###....
 Conjure Flame            Conj/Fire      #.......     100%        3    ####...
 Mephitic Cloud           Conj/Pois/Air  #.......     100%        3    ####...
 Ozocubu's Armour         Chrm/Ice       #.......     100%        3    ####...
 Summon Ice Beast         Ice/Summ       #.......     100%        4    #####..
 Throw Icicle             Conj/Ice       #.......     100%        4    #####..
 Blink                    Tloc           Unusable     N/A         2    N/A

Dungeon Overview and Level Annotations

Branches:
Dungeon (11/15)            Temple (1/1) D:5             Orc (0/2) D:11
   Lair: D:8-11

Altars:
Ashenzari
Cheibriados
Dithmenos
Hepliaklqana
Kikubaaqudgha
Makhleb
Nemelex Xobeh
Okawaru
Qazlal
Ru
Sif Muna
Uskayaw
Vehumet
Xom
Zin
The Shining One

Annotations:
D:10 exclusion: 2 downstairs


Innate Abilities, Weirdness & Mutations

You cannot be hasted, slowed, berserked, paralysed or teleported.
You can dig through walls and to a lower floor.
Your four strong arms can wield two-handed weapons with a shield.
You have a pair of large antennae on your head. (SInv)
Your life essence is reduced to manifest your ancestor. (-10% HP)


Message History

Attack whom?
Press: ? - help, Dir - move target cursor, f/p - white ugly thing
Aim: a white ugly thing (almost dead)
You puncture the white ugly thing!
The white ugly thing is almost dead.
Attack whom?
Press: ? - help, Dir - move target cursor, f/p - white ugly thing
Aim: a white ugly thing (almost dead)
You barely miss the white ugly thing.
The white ugly thing is almost dead.
You block the white ugly thing's attack.
Attack whom?
Press: ? - help, Dir - move target cursor, f/p - white ugly thing
Aim: a white ugly thing (almost dead)
You closely miss the white ugly thing.
The white ugly thing is almost dead.
The white ugly thing pecks you.
* * * LOW HITPOINT WARNING * * *
The white ugly thing freezes you!!
You die...

.....................#.##.#
.##.########'...8...##....#
....#...#.................#
#####...#.....8...8.#.....#
........'.................#
>.......#.......8.8.......#
...##...#####.......#.....#
#####...#######u.......#..#
.............##.@.#....#..#
.............##...'.#.....#
.............##...#.......#
##'########..##...#.......#
.......# #####...#....##.#
.#.....# #...####....#
.#.....# #......'....#
.#.....# #...##.#....#
.......########...##.#....#


You could see a white ugly thing.

Vanquished Creatures
  Josephine (D:11)
  Fannar (D:11)
  Erolcha (D:9)
  A two-headed ogre (D:11)
  Pikel (D:7)
  A centaur zombie (D:11)
  A hornet (D:10)
  Grinder (D:4)
  4 wraiths (D:11)
  Grum (D:8)
  A warg (D:10)
  3 orc warriors
  A water moccasin (D:10)
  2 ice beasts
  2 necrophages (D:11)
  An eye of draining (D:10)
  2 sky beasts
  A phantom (D:6)
  3 ogres
  2 centaurs
  2 wolves (D:8)
  A crocodile (D:7)
  5 bullfrogs
  A wyvern zombie (D:10)
  A scorpion (D:9)
  2 howler monkeys
  3 crimson imps
  A bullfrog zombie (D:7)
  A quasit (D:7)
  6 hounds
  A jelly (D:8)
  4 orc wizards
  5 orc priests
  3 bullfrog skeletons
  Ijyb (D:3)
  Natasha (thrice) (D:2)
  8 worker ants
  Terence (D:3)
  A hound skeleton (D:5)
  2 worker ant zombies
  7 adders
  A shadow imp (D:5)
  2 adder zombies
  4 worms
  2 dart slugs (D:1)
  3 leopard geckos (D:5)
  28 orcs
  A giant cockroach (D:4)
  4 hobgoblins
  5 quokkas
  6 bats
  8 frilled lizards
  4 goblins
  A jackal skeleton (D:7)
  7 kobolds
  A leopard gecko skeleton (D:4)
  A quokka skeleton (D:7)
  A rat (D:1)
169 creatures vanquished.

Vanquished Creatures (collateral kills)
  A centaur zombie (D:11)
  A gargoyle (D:11)
  A centaur skeleton (D:11)
  A necrophage (D:11)
  An ogre (D:9)
  A big kobold (D:10)
  2 bullfrogs
  A scorpion (D:7)
  2 wights (D:11)
  3 howler monkeys (D:11)
  A quasit (D:10)
  A bullfrog zombie (D:10)
  An orc wizard (D:9)
  2 iguanas
  A worker ant (D:10)
  A mummy (D:11)
  2 adders
  An orc (D:7)
  5 jackals (D:7)
29 creatures vanquished.

Vanquished Creatures (others)
  A scorpion (D:8)
  4 knights
  2 worker ants (D:8)
  5 ancestors
  A leopard gecko zombie (D:8)
  A quokka skeleton (D:8)
14 creatures vanquished.

Grand Total: 212 creatures vanquished

Notes
Turn   | Place    | Note
-------+----------+-------------------------------------------
     0 | D:1      | nightchill the Formicid Fighter began the quest for the
                  | Orb.
     0 | D:1      | Reached XP level 1. HP: 18/18 MP: 1/1
   107 | D:1      | Reached XP level 2. HP: 23/24 MP: 2/2
   153 | D:1      | Found a snail-covered altar of Cheibriados.
   951 | D:2      | Reached skill level 3 in Polearms
   951 | D:2      | Reached XP level 3. HP: 13/30 MP: 3/3
  1235 | D:2      | Noticed Natasha
  1246 | D:2      | Killed Natasha
  1246 | D:2      | Reached XP level 4. HP: 20/37 MP: 4/4
  1338 | D:2      | Noticed Natasha
  1357 | D:2      | Killed Natasha
  1472 | D:2      | Noticed Natasha
  1546 | D:2      | Killed Natasha
  1546 | D:2      | Reached skill level 4 in Polearms
  1546 | D:2      | Reached XP level 5. HP: 42/42 MP: 5/5
  1952 | D:3      | Found a sparkling altar of Nemelex Xobeh.
  2020 | D:3      | Noticed Terence
  2055 | D:3      | Killed Terence
  2409 | D:3      | Found a snail-covered altar of Cheibriados.
  2413 | D:3      | Found an ancient bone altar of Kikubaaqudgha.
  2418 | D:3      | Found an iron altar of Okawaru.
  2610 | D:3      | Found a hide-covered altar of Uskayaw.
  2862 | D:3      | Noticed Ijyb
  2884 | D:3      | Killed Ijyb
  2913 | D:3      | Reached XP level 6. HP: 38/50 MP: 6/6
  2917 | D:3      | Reached skill level 5 in Polearms
  3461 | D:4      | Found a sacrificial altar of Ru.
  3594 | D:4      | Reached skill level 5 in Fighting
  3731 | D:4      | Found a glowing silver altar of Zin.
  3853 | D:4      | Noticed Grinder
  3873 | D:4      | Killed Grinder
  3873 | D:4      | Reached skill level 6 in Polearms
  3873 | D:4      | Reached XP level 7. HP: 48/57 MP: 7/7
  4421 | D:5      | Entered Level 5 of the Dungeon
  4545 | D:5      | Found a glowing golden altar of the Shining One.
  4640 | D:5      | Reached skill level 7 in Polearms
  4640 | D:5      | Reached XP level 8. HP: 43/64 MP: 8/8
  4959 | D:5      | Found a shadowy altar of Dithmenos.
  5156 | D:5      | Found a staircase to the Ecumenical Temple.
  5165 | Temple   | Entered the Ecumenical Temple
  5175 | Temple   | Became a worshipper of Hepliaklqana the Forgotten
  5817 | D:6      | Found a shimmering altar of Xom.
  5849 | D:6      | Reached skill level 8 in Polearms
  6237 | D:6      | Reached XP level 9. HP: 64/64 MP: 9/9
  6292 | D:6      | Reached skill level 9 in Polearms
  6514 | D:7      | Reached skill level 1 in Invocations
  6842 | D:7      | Reached * piety under Hepliaklqana
  7277 | D:7      | Found a shimmering blue altar of Sif Muna.
  7388 | D:8      | Noticed Pikel
  7412 | D:7      | Killed Pikel
  7412 | D:7      | Reached skill level 10 in Polearms
  7762 | D:8      | Noticed Grum
  7775 | D:8      | Killed Grum
  7796 | D:8      | Reached XP level 10. HP: 21/73 MP: 11/13
  8138 | D:8      | You fall into a shaft and drop 1 floor!
  8138 | D:9      | Noticed Erolcha
  8154 | D:9      | Killed Erolcha
  8154 | D:9      | Reached skill level 11 in Polearms
  8154 | D:9      | Reached skill level 5 in Invocations
  8906 | D:9      | Reached ** piety under Hepliaklqana
  8907 | D:9      | Remembered your ancestor Toby as a knight
  9213 | D:10     | Entered Level 10 of the Dungeon
 10508 | D:11     | Found a staircase to the Orcish Mines.
 10927 | D:11     | Reached XP level 11. HP: 81/81 MP: 15/15
 10948 | D:11     | Noticed a two-headed ogre
 10952 | D:11     | Noticed a purple ugly thing
 10959 | D:11     | Noticed Josephine
 11216 | D:11     | Reached *** piety under Hepliaklqana
 11238 | D:11     | Reached skill level 12 in Polearms
 11284 | D:11     | Reached skill level 10 in Fighting
 11289 | D:11     | Found a snail-covered altar of Cheibriados.
 11399 | D:11     | Killed Josephine
 11759 | D:11     | Noticed Fannar
 11795 | D:11     | Killed Fannar
 12124 | D:11     | Reached skill level 13 in Polearms
 12134 | D:11     | Killed a two-headed ogre
 12189 | D:11     | Noticed a white ugly thing
 12213 | D:10     | HP: 1/81 [white ugly thing (27)]
 12611 | D:10     | Mangled by a white ugly thing

Levels and vault maps discovered:
D:1:      tarquinn_simple_flora_water_d, layout_loops_ring, cheibriados_altar_1
D:2:      layout_rooms, uniq_natasha
D:3:      layout_loops_corners, eat_drink_and_be_merry_uskayaw,
          marbit_many_paths, minmay_overflow_temple_star_quad, first_ration,
          minmay_distorted, uniq_terence, uniq_ijyb
D:4:      layout_cave_pools, lemuel_round_altar, lemuel_crystal_altar,
          uniq_grinder
D:5:      layout_cave_pods, lemuel_doored_altar, nicolae_overflow_hidden_temple,
          minmay_temple_entry_waves
D:6:      layout_rooms, kennysheep_little_box
D:7:      layout_loops_corners, lemuel_blue_sif_altar,
          minmay_fractal_squares_diagonal_5
D:8:      layout_loops_ring, lemuel_round_altar, lair_entry_dummy, uniq_grum,
          uniq_pikel
D:9:      layout_irregular_city, grunt_ogre_cave, uniq_erolcha
D:10:     layout_stronghold, serial_column_ruins, column_ruins_open_tiny,
          column_ruins_grid_4, column_ruins_grid_3
D:11:     layout_irregular_city, david_orc_3, serial_undead, serial_undead_b,
          serial_undead_f, serial_undead_c, serial_undead_a, serial_undead_e,
          serial_undead_b, serial_undead_a, serial_undead_d, basic_altar,
          uniq_fannar, uniq_urug, uniq_josephine
Temple:   compressed_dpeg_circular_temple

Skill      XL: |  1  2  3  4  5  6  7  8  9 10 11 |
---------------+----------------------------------+-----
Polearms       | 3 4 6 7 8 10 11 13 | 13.1
Fighting       | 4 5 6 7 8 9 10 | 10.8
Invocations    | 4 6 8 |  8.4
Armour         | |  3.2
Shields        | |  3.6

Action                   |  1- 3 |  4- 6 |  7- 9 | 10-12 || total
-------------------------+-------+-------+-------+-------++-------
Melee: Trident           |    71 |   265 |   337 |   349 ||  1022
Invok: Ancestor Identity |       |       |     1 |       ||     1
       Recall Ancestor   |       |       |       |     3 ||     3
       Ancestor Life: Kn |       |       |       |     1 ||     1
 Abil: Dig               |       |     1 |     4 |     6 ||    11
Evoke: Wand              |       |       |     4 |     4 ||     8
  Use: Potion            |       |     1 |     1 |     4 ||     6
       Scroll            |       |       |    23 |       ||    23
 Stab: Distracted        |       |       |     3 |     1 ||     4
       Invisible         |       |       |       |     1 ||     1
  Eat: Chunk             |       |    10 |     7 |    10 ||    27
       Ration            |       |       |     2 |     1 ||     3
Armor: Scale mail        |    13 |       |       |       ||    13
       Plate armour      |     2 |    54 |       |       ||    56
       Chain mail        |       |    67 |   136 |    86 ||   289
Dodge: Dodged            |    19 |    36 |    45 |    40 ||   140
Block: Shield            |    30 |   113 |   110 |    95 ||   348
